 Dungeon Crawl Stone Soup version 0.31-a0-219-g8d62b2e7bb (webtiles) character file.

Game seed: 10425497086185313284

160 vineage the Trooper (level 5, -1/34 HPs)
             Began as a Gargoyle Fighter on July 3, 2023.
             Slain by a hound (5 damage)
             ... on level 4 of the Dungeon.
             The game lasted 00:01:54 (2822 turns).

vineage the Trooper (Gargoyle Fighter)              Turns: 2822, Time: 00:01:55

Health: -1/34      AC: 13    Str: 21    XL:     5   Next: 41%
Magic:  5/5        EV:  8    Int:  9    God:
Gold:   188        SH:  4    Dex:  9    Spells: 4/4 levels left

rFire   . . .        a - +0 flail
rCold   . . .        c - +0 buckler
rNeg    + . .        j - +0 chain mail
rPois   ∞            (no helmet)
rElec   +            (no cloak)
rCorr   .            (no gloves)
SInv    .            (no boots)
Will    .....        (no amulet) Stlth
                     (no ring)
HPRegen 0.25/turn    (no ring)
MPRegen 0.09/turn

%: no passive effects
@: mighty
A: sickness immunity, AC +4, negative energy resistance 1, electricity
resistance, torment resistance 1, petrification resistance
a: no special abilities


You were on level 4 of the Dungeon.
You visited 1 branch of the dungeon, and saw 4 of its levels.

You collected 188 gold pieces.

Inventory:

Hand Weapons
 a - a +0 flail (weapon)
Armour
 c - a +0 buckler (worn)
 j - a +0 chain mail (worn)
Jewellery
 n - a +6 ring of dexterity
 o - a ring of fire
Scrolls
 b - a scroll of vulnerability {unknown}
 e - a scroll of fear {unknown}
 g - 2 scrolls of teleportation {unknown}
 i - a scroll of revelation {unknown}
 k - a scroll of butterflies {unknown}
 l - a scroll of identify {unknown}
 r - a scroll of enchant armour {unknown}
Potions
 f - a potion of degeneration {unknown}
 h - a potion of invisibility {unknown}
 m - 2 potions of curing {unknown}
 p - 2 potions of heal wounds {unknown}
 q - a potion of lignification {unknown}


   Skills:
 * Level 4.6 Fighting
 * Level 3.5 Maces & Flails
 + Level 4.0 Armour
 + Level 3.9 Shields


You had 4 spell levels left.
You didn't know any spells.
Your spell library contained the following spells:

 Spells                   Type           Power      Damage    Failure   Level
 Frozen Ramparts          Ice            0%         1d1       100%        3
 Ice Form                 Ice/Tmut       0%         N/A       100%        4
 Summon Ice Beast         Ice/Summ       0%         N/A       100%        4


Dungeon Overview and Level Annotations

Branches:
Dungeon (4/15)
 Temple: D:4-7

Altars:
Ru
Sif Muna
Xom


Innate Abilities, Weirdness & Mutations

You are immune to sickness and miasma.
Your stone body is resilient. (AC +4)
You are immune to poison.
You resist negative energy. (rN+)
You are resistant to electric shocks. (rElec)
You are resistant to unholy torment.
You are immune to petrification.


Message History

The ogre shouts!
The hound bites you but does no damage. The adder bites you but does no damage.
You block Blork the orc's attack. The hound barely misses you.
The adder barely misses you. You block Blork the orc's attack.
You closely miss Blork the orc.
Blork the orc is lightly wounded.
The hound barely misses you. The adder bites you but does no damage.
Blork the orc gestures at you while chanting.
The puff of flame hits you. The hound bites you but does no damage.
The adder bites you but does no damage.
Blork the orc gestures at you while chanting.
The puff of flame hits you but does no damage.
The adder attacks as you move away! The adder bites you. The hound bites you.
Blork the orc attacks as you move away!
Blork the orc hits you but does no damage.
Blork the orc screams, "You are the ugliest creature I've ever seen!"
Blork the orc completely misses you. You block the hound's attack.
You bludgeon Blork the orc!!
Blork the orc is almost dead.
Blork the orc hits you but does no damage.
The hound bites you but does no damage.
Blork the orc points at you and mumbles some strange words.
The puff of frost hits you but does no damage.
The hound bites you. Blork the orc barely misses you.
You barely miss Blork the orc.
Blork the orc is almost dead.
Blork the orc points at you and mumbles some strange words.
The puff of flame hits you!
* * * LOW HITPOINT WARNING * * *
You hit Blork the orc.
You kill Blork the orc!
The hound bites you but does no damage.
Your Armour skill increases to level 4!
You have reached level 5!
The hound closely misses you. The hound attacks as you move away!
The hound barely misses you. The hound bites you.
You die...

#...............##.....
#...................)..
#................<.....
##..#..................
####)######...........
#.O...##...........
#...........##..>..
#Sh.........##.....
#####@...##.....#.....
##..##....##.....#.....
#................#.....
#................#.....
#######..............######'
#....##..##....##....##.....
#........##....##...........
#......<.†#.....#...........
#.........#..(..#...........


You could see an ogre, a hound and an adder.

Vanquished Creatures
  Blork the orc (D:4)
  3 adders
  3 worms
  A dart slug (D:4)
  2 orcs (D:3)
  4 endoplasms
  3 giant cockroaches (D:1)
  6 goblins
  4 hobgoblins
  6 jackals (D:3)
  5 quokkas
  2 ball pythons
  2 bats (D:3)
  5 kobolds
  4 rats
51 creatures vanquished.

Notes
Turn   | Place    | Note
-------+----------+-------------------------------------------
     0 | D:1      | vineage the Gargoyle Fighter began the quest for the Orb.
     0 | D:1      | Reached XP level 1. HP: 14/14 MP: 1/1
   189 | D:1      | Reached XP level 2. HP: 16/19 MP: 2/2
   973 | D:2      | Reached XP level 3. HP: 23/24 MP: 3/3
  1588 | D:3      | Reached XP level 4. HP: 11/29 MP: 4/4
  1836 | D:3      | Found a shimmering blue altar of Sif Muna.
  1964 | D:3      | Found a shimmering altar of Xom.
  2340 | D:4      | Found a sacrificial altar of Ru.
  2391 | D:4      | Noticed an ogre
  2803 | D:4      | Noticed Blork the orc
  2819 | D:4      | Killed Blork the orc
  2820 | D:4      | Reached XP level 5. HP: 3/34 MP: 5/5
  2822 | D:4      | Slain by a hound

Illustrated notes

Levels and vault maps discovered:
D:1:      dpeg_arrival_rooms_b, layout_basic, minmay_misc_feat_secret_circle
D:2:      layout_rooms
D:3:      layout_basic, marbit_many_paths, nicolae_sif_muna_condensation
D:4:      layout_gridville, mainiacjoe_overflow_cross_hatched,
          uniq_blork_the_orc

Skill      XL: |  1  2  3  4 |
---------------+-------------+-----
Fighting       | 4 |  4.6
Maces & Flails | 3 |  3.5
Armour         | 4 |  4.0
Shields        | |  3.9

Action                     |  1- 3 |  4- 6 || total
---------------------------+-------+-------++-------
  Melee: Flail             |   137 |    72 ||   209
    Use: Potion            |       |     1 ||     1
 Armour: Scale mail        |    41 |       ||    41
         Chain mail        |    49 |    66 ||   115
  Dodge: Dodged            |    55 |    37 ||    92
  Block: Buckler           |    31 |    15 ||    46

Table legend: (Time is in decaauts)
 A = Elapsed time spent in this place.
 B = Non-inter-level travel time spent in this place.
 C = Inter-level travel time spent in this place.
 D = Time resting spent in this place.
 E = Time spent auto-exploring this place.
 F = Levels seen in this place.
 G = Mean time per level.
                   A        B        C        D        E       F      G
               +--------+--------+--------+--------+--------+-----+--------+
         Total |   2885 |   2709 |    176 |    287 |   1933 |   4 |  721.2 |
       Dungeon |   2885 |   2709 |    176 |    287 |   1933 |   4 |  721.2 |
               +--------+--------+--------+--------+--------+-----+--------+

Top non-repeatable levels by time:
     D:3: 1246 daAuts
     D:1: 966 daAuts
     D:2: 487 daAuts
     D:4: 185 daAuts
